Workbook
Name _Hlk34300669: September!$K$73
Name Component: "Group"
Name FX_RATE: September!$C$271
Name pbCountingPages: FALSE

Sheet September
A1: MONTHLY UPDATE ON REGISTERED MUTUAL FUNDS AS AT 30TH SEPTEMBER, 2026
A2: S/N | B2: FUND | C2: FUND MANAGER | D2: TOTAL VALUE OF INVESTMENT (N) | E2: TOTAL INCOME (N) | F2: UNREALIZED CAPITAL GAIN/LOSS (N) | G2: TOTAL EXPENSES (N) | H2: NET INCOME/LOSS (N) | I2: NET ASSET VALUE (N) PREVIOUS - AUGUST | J2: % ON TOTAL | K2: NET ASSET VALUE (N) | L2: % ON TOTAL | M2: % CHANGE IN NAV | N2: EXPENSE RATIO | O2: RETURN ON EQUITY (ROE) | P2: NET ASSET PER UNIT | Q2: EARNINGS PER UNIT (EPU) | R2: BID PRICE (N) | S2: OFFER PRICE (N) | T2: NUMBER OF UNIT HOLDERS | U2: OPENING NUMBER OF UNITS | V2: CLOSING NUMBER OF UNITS
A4: EQUITY BASED FUNDS
A5: 1 | B5: Afrinvest Equity Fund | C5: Afrinvest Asset Management Ltd. | D5: 1.1582849e+10 | E5: 70049012 | F5: 3.8387077e+09 | G5: 19316753 | H5: =(E5+F5)-G5 -> 3.8894399e+09 | I5: 1.1849816e+10 | J5: =(I5/$I$27) -> 0.050700303 | K5: 1.1905696e+10 | L5: =(K5/$K$27) -> 0.04888052 | M5: =((K5-I5)/I5) -> 0.0047157028 | N5: =(G5/K5) -> 0.0016224799 | O5: =H5/K5 -> 0.32668731 | P5: =K5/V5 -> 911.93141 | Q5: =H5/V5 -> 297.91642 | R5: 911.93 | S5: 911.93 | T5: 1709 | U5: 13409121 | V5: 13055474
A6: 2 | B6: Anchoria Equity Fund | C6: Anchoria Asset Management Limited | D6: 2.3419712e+09 | E6: 2478868 | F6: 8.24596e+08 | G6: 2908690.7 | H6: =(E6+F6)-G6 -> 8.2416618e+08 | I6: 2.2320297e+09 | J6: =(I6/$I$27) -> 0.009549902 | K6: 2.3672594e+09 | L6: =(K6/$K$27) -> 0.009719118 | M6: =((K6-I6)/I6) -> 0.060585953 | N6: =(G6/K6) -> 0.0012287165 | O6: =H6/K6 -> 0.34815204 | P6: =K6/V6 -> 600.98334 | Q6: =H6/V6 -> 209.23358 | R6: 595.25 | S6: 603.93 | T6: 692 | U6: 3798435.2 | V6: 3938976.7
A7: 3 | B7: ARM Aggressive Growth Fund | C7: ARM Investment Managers Limited | D7: 16456786245 | E7: 142050327 | F7: 507674937 | G7: 33940681 | H7: =(E7+F7)-G7 -> 615784583 | I7: 18153216351 | J7: =(I7/$I$27) -> 0.077669861 | K7: 18242326781 | L7: =(K7/$K$27) -> 0.074896452 | M7: =((K7-I7)/I7) -> 0.0049087957 | N7: =(G7/K7) -> 0.0018605456 | O7: =H7/K7 -> 0.033755814 | P7: =K7/V7 -> 74.048992 | Q7: =H7/V7 -> 2.499584 | R7: 73.6788 | S7: 75.9002 | T7: 13180 | U7: 253219323 | V7: 246354830
A8: 4 | B8: AXA Mansard Equity Income Fund | C8: AXA Mansard Investments Limited | D8: 2.9151388e+09 | E8: 14274364 | F8: 0 | G8: 5127225.6 | H8: =(E8+F8)-G8 -> 9147137.9 | I8: 3.6454112e+09 | J8: =(I8/$I$27) -> 0.015597158 | K8: 3.8958872e+09 | L8: =(K8/$K$27) -> 0.015995116 | M8: =((K8-I8)/I8) -> 0.068709949 | N8: =(G8/K8) -> 0.0013160611 | O8: =H8/K8 -> 0.002347896 | P8: =K8/V8 -> 364.71586 | Q8: =H8/V8 -> 0.8563149 | R8: 362.8923 | S8: 366.5394 | T8: 3010 | U8: 10271854 | V8: 10681979
A9: 5 | B9: CardinalStone Equity Fund | C9: CardinalStone Asset Mgt. Limited | D9: 1.3800512e+10 | E9: 1.2613537e+08 | F9: 4.5623499e+08 | G9: 16246485 | H9: =(E9+F9)-G9 -> 5.6612388e+08 | I9: 1.269285e+10 | J9: =(I9/$I$27) -> 0.054307285 | K9: 1.3958399e+10 | L9: =(K9/$K$27) -> 0.057308182 | M9: =((K9-I9)/I9) -> 0.099705669 | N9: =(G9/K9) -> 0.0011639218 | O9: =H9/K9 -> 0.040557937 | P9: =K9/V9 -> 2.9890712 | Q9: =H9/V9 -> 0.12123056 | R9: 2.9605 | S9: 3.0004 | T9: 3508 | U9: 4.4368825e+09 | V9: 4.6698115e+09
A10: 6 | B10: Coronation Equity Fund | C10: Coronation Asset Management Limited | D10: 1.0194706e+09 | E10: 1852670.3 | F10: 49059129 | G10: 2544200.9 | H10: =(E10+F10)-G10 -> 48367598 | I10: 0 | J10: =(I10/$I$27) -> 0 | K10: 1.0219585e+09 | L10: =(K10/$K$27) -> 0.004195795 | M10: =((K10-I10)/I10) -> #DIV/0! | N10: =(G10/K10) -> 0.0024895345 | O10: =H10/K10 -> 0.047328341 | P10: =K10/V10 -> 1.0346079 | Q10: =H10/V10 -> 0.048966273 | R10: 1.0175 | S10: 1.0456 | T10: 876 | U10: 9.3673122e+08 | V10: 9.8777374e+08
A11: 7 | B11: Cowry Equity Fund | C11: Cowry Treasurers Limited | D11: 8.3395523e+08 | E11: 3170350.2 | F11: 2.3873338e+08 | G11: 1929563.9 | H11: =(E11+F11)-G11 -> 2.3997417e+08 | I11: 7.4587336e+08 | J11: =(I11/$I$27) -> 0.0031912736 | K11: 9.1380496e+08 | L11: =(K11/$K$27) -> 0.0037517555 | M11: =((K11-I11)/I11) -> 0.22514761 | N11: =(G11/K11) -> 0.0021115708 | O11: =H11/K11 -> 0.26260983 | P11: =K11/V11 -> 353.45431 | Q11: =H11/V11 -> 92.820577 | R11: 353.45431 | S11: 357.70335 | T11: 219 | U11: 2213898.5 | V11: 2585355.3
A12: 8 | B12: FCMBAM Equity Fund | C12: FCMB Asset Management Limited | D12: 4.0986396e+09 | E12: 33668485 | F12: 0 | G12: 7302629.2 | H12: =(E12+F12)-G12 -> 26365856 | I12: 4.2463288e+09 | J12: =(I12/$I$27) -> 0.018168228 | K12: 4.3190003e+09 | L12: =(K12/$K$27) -> 0.017732267 | M12: =((K12-I12)/I12) -> 0.017113976 | N12: =(G12/K12) -> 0.0016908147 | O12: =H12/K12 -> 0.0061046199 | P12: =K12/V12 -> 8.5189181 | Q12: =H12/V12 -> 0.052004757 | R12: 8.42 | S12: 8.57 | T12: 3861 | U12: 511964638 | V12: 5.069893e+08
A13: 9 | B13: First Asset Nigeria Smart Beta Equity Fund | C13: First Asset Management Limited | D13: 7.0639992e+09 | E13: 27128766 | F13: -1.8777464e+08 | G13: 11266193 | H13: =(E13+F13)-G13 -> -1.7191207e+08 | I13: 6.8503786e+09 | J13: =(I13/$I$27) -> 0.029309845 | K13: 6.8358291e+09 | L13: =(K13/$K$27) -> 0.028065463 | M13: =((K13-I13)/I13) -> -0.0021238986 | N13: =(G13/K13) -> 0.0016481092 | O13: =H13/K13 -> -0.025148679 | P13: =K13/V13 -> 595.73761 | Q13: =H13/V13 -> -14.982014 | R13: 595.74 | S13: 603.45 | T13: 3115 | U13: 11503976 | V13: 11474564
A14: 10 | B14: Frontier Fund | C14: SCM Capital Limited | D14: 7.1005524e+08 | E14: 7400225.9 | F14: 0 | G14: 1955355.4 | H14: =(E14+F14)-G14 -> 5444870.6 | I14: 6.3663545e+08 | J14: =(I14/$I$27) -> 0.0027238912 | K14: 6.7559496e+08 | L14: =(K14/$K$27) -> 0.0027737506 | M14: =((K14-I14)/I14) -> 0.061195951 | N14: =(G14/K14) -> 0.0028942717 | O14: =H14/K14 -> 0.0080593712 | P14: =K14/V14 -> 336.63944 | Q14: =H14/V14 -> 2.7131022 | R14: 336.64 | S14: 349.41 | T14: 2475 | U14: 2006880 | V14: 2006880
A15: 11 | B15: Futureview Equity Fund | C15: Futureview Asset Management Limited | D15: 1.9745739e+08 | E15: 2390354.6 | F15: 39770471 | G15: 4628931.5 | H15: =(E15+F15)-G15 -> 37531895 | I15: 2.0826353e+08 | J15: =(I15/$I$27) -> 0.00089107072 | K15: 2.120756e+08 | L15: =(K15/$K$27) -> 0.00087070638 | M15: =((K15-I15)/I15) -> 0.018304073 | N15: =(G15/K15) -> 0.021826799 | O15: =H15/K15 -> 0.17697413 | P15: =K15/V15 -> 527.62823 | Q15: =H15/V15 -> 93.376545 | R15: 518.42 | S15: 535.11 | T15: 84 | U15: 395041.66 | V15: 401941.35
A16: 12 | B16: Guaranty Trust Equity Income Fund | C16: Guaranty Trust Fund Managers Limited | D16: 2.0064645e+10 | E16: 57973088 | F16: 7.8939348e+08 | G16: 34212018 | H16: =(E16+F16)-G16 -> 8.1315455e+08 | I16: 1.9446443e+10 | J16: =(I16/$I$27) -> 0.083203025 | K16: 2.0208845e+10 | L16: =(K16/$K$27) -> 0.082970272 | M16: =((K16-I16)/I16) -> 0.039205236 | N16: =(G16/K16) -> 0.001692923 | O16: =H16/K16 -> 0.040237556 | P16: =K16/V16 -> 5.6523074 | Q16: =H16/V16 -> 0.22743504 | R16: 5.64 | S16: 5.75 | T16: 20716 | U16: 3.6094067e+09 | V16: 3.5753266e+09
... A26: 22 | B26: Zrosk Magna Equity Fund | C26: Zrosk Investment Management Limited | D26: 2.5425875e+10 | E26: -7971999 | F26: 1.458475e+09 | G26: 48957154 | H26: =(E26+F26)-G26 -> 1.4015458e+09 | I26: 23389475181 | J26: =(I26/$I$27) -> 0.10007358 | K26: 24949069212 | L26: =(K26/$K$27) -> 0.10243193 | M26: =((K26-I26)/I26) -> 0.066679308 | N26: =(G26/K26) -> 0.0019622838 | O26: =H26/K26 -> 0.056176276 | P26: =K26/V26 -> 374.48257 | Q26: =H26/V26 -> 21.037036 | R26: 370.76 | S26: 377.06 | T26: 214 | U26: 66185011 | V26: 66622779
A27: Sub Total | I27: =SUM(I5:I26) -> 2.3372279e+11 | J27: =(I27/$I$269) -> 0.024336736 | K27: =SUM(K5:K26) -> 2.435673e+11 | L27: =(K27/$K$269) -> 0.024896848 | M27: =((K27-I27)/I27) -> 0.042120476 | T27: =SUM(T5:T26) -> 120759
A29: MONEY MARKET FUNDS
A30: 23 | B30: Afrinvest Plutus Fund | C30: Afrinvest Asset Management Ltd. | D30: 6.7540209e+09 | E30: 1.031407e+08 | F30: 0 | G30: 12233005 | H30: =(E30+F30)-G30 -> 90907697 | I30: 6.8518548e+09 | J30: =(I30/$I$79) -> 0.001062544 | K30: 6.5688112e+09 | L30: =(K30/$K$79) -> 0.00099834551 | M30: =((K30-I30)/I30) -> -0.041309046 | N30: =(G30/K30) -> 0.0018622859 | O30: =H30/K30 -> 0.013839292 | P30: =K30/V30 -> 100.19084 | Q30: =H30/V30 -> 1.3865703 | R30: 100 | S30: 100 | T30: 919 | U30: 68335203 | V30: 65562993
A31: 24 | B31: AIICO Money Market Fund | C31: AIICO Capital Ltd | D31: 4.7615603e+10 | E31: 8.1364279e+08 | F31: 0 | G31: 75497404 | H31: =(E31+F31)-G31 -> 7.3814539e+08 | I31: 4.7599368e+10 | J31: =(I31/$I$79) -> 0.0073814208 | K31: 4.8261732e+10 | L31: =(K31/$K$79) -> 0.0073349473 | M31: =((K31-I31)/I31) -> 0.013915391 | N31: =(G31/K31) -> 0.0015643327 | O31: =H31/K31 -> 0.015294631 | P31: =K31/V31 -> 104.21578 | Q31: =H31/V31 -> 1.593942 | R31: 100 | S31: 100 | T31: 5776 | U31: 4.6269548e+08 | V31: 4.6309426e+08
A32: 25 | B32: Alpha10 Money Market Fund | C32: Alpha10 Fund Management Limited | D32: 1.9362001e+09 | E32: 40212683 | F32: 0 | G32: 4515551.7 | H32: =(E32+F32)-G32 -> 35697132 | I32: 2.126484e+09 | J32: =(I32/$I$79) -> 0.00032976221 | K32: 3.0569472e+09 | L32: =(K32/$K$79) -> 0.00046460302 | M32: =((K32-I32)/I32) -> 0.43755948 | N32: =(G32/K32) -> 0.0014771442 | O32: =H32/K32 -> 0.011677379 | P32: =K32/V32 -> 1 | Q32: =H32/V32 -> 0.011677379 | R32: 1 | S32: 1 | T32: 346 | U32: 2134581426 | V32: 3056947196
A33: 26 | B33: Anchoria Money Market Fund | C33: Anchoria Asset Management Limited | D33: 5.5400534e+09 | E33: 72125204 | F33: 0 | G33: 5932585.7 | H33: =(E33+F33)-G33 -> 66192618 | I33: 4.4416672e+09 | J33: =(I33/$I$79) -> 0.00068878676 | K33: 5.6135181e+09 | L33: =(K33/$K$79) -> 0.00085315752 | M33: =((K33-I33)/I33) -> 0.26383132 | N33: =(G33/K33) -> 0.0010568391 | O33: =H33/K33 -> 0.011791646 | P33: =K33/V33 -> 118.92946 | Q33: =H33/V33 -> 1.402374 | R33: 100 | S33: 100 | T33: 2423 | U33: 36168541 | V33: 47200402
A34: 27 | B34: Apel Wealth Money Market Fund | C34: Apel Wealth Management Limited | D34: 1.0765099e+09 | E34: 50500165 | F34: 0 | G34: 7655722.5 | H34: =(E34+F34)-G34 -> 42844443 | I34: 1.9256429e+09 | J34: =(I34/$I$79) -> 0.00029861699 | K34: 1.982901e+09 | L34: =(K34/$K$79) -> 0.00030136661 | M34: =((K34-I34)/I34) -> 0.029734578 | N34: =(G34/K34) -> 0.0038608697 | O34: =H34/K34 -> 0.02160695 | P34: =K34/V34 -> 100 | Q34: =H34/V34 -> 2.160695 | R34: 100 | S34: 100 | T34: 229 | U34: 19256429 | V34: 19829010
A35: 28 | B35: ARM Money Market Fund | C35: ARM Investment Managers Limited | D35: 291121100144 | E35: 6879683146 | F35: 0 | G35: 6879683146 | H35: =(E35+F35)-G35 -> 0 | I35: 444879171839 | J35: =(I35/$I$79) -> 0.068989158 | K35: 448512427644 | L35: =(K35/$K$79) -> 0.06816612 | M35: =((K35-I35)/I35) -> 0.0081668373 | N35: =(G35/K35) -> 0.015338891 | O35: =H35/K35 -> 0 | P35: =K35/V35 -> 1 | Q35: =H35/V35 -> 0 | R35: 1 | S35: 1 | T35: 91046 | U35: 444879171839 | V35: 448512427644
A36: 29 | B36: AVA GAM Money Market Fund | C36: AVA Global Asset Managers Limited | D36: 1.4294667e+09 | E36: 43736026 | F36: 0 | G36: 5165070 | H36: =(E36+F36)-G36 -> 38570956 | I36: 2.2966351e+09 | J36: =(I36/$I$79) -> 0.00035614821 | K36: 2.5227355e+09 | L36: =(K36/$K$79) -> 0.00038341209 | M36: =((K36-I36)/I36) -> 0.09844856 | N36: =(G36/K36) -> 0.0020474085 | O36: =H36/K36 -> 0.015289338 | P36: =K36/V36 -> 0.91500078 | Q36: =H36/V36 -> 0.013989756 | R36: 1 | S36: 1 | T36: 490 | U36: 2505956600 | V36: 2757085600
A37: 30 | B37: AXA Mansard Money Market Fund | C37: AXA Mansard Investments Limited | D37: 1.0231579e+11 | E37: 2.5702402e+09 | G37: 2.3517792e+08 | H37: =(E37+F37)-G37 -> 2.3350623e+09 | I37: 1.7924705e+11 | J37: =(I37/$I$79) -> 0.027796544 | K37: 1.776442e+11 | L37: =(K37/$K$79) -> 0.026998842 | M37: =((K37-I37)/I37) -> -0.008942134 | N37: =(G37/K37) -> 0.0013238705 | O37: =H37/K37 -> 0.013144602 | P37: =K37/V37 -> 1.0395542 | Q37: =H37/V37 -> 0.013664525 | R37: 1 | S37: 1 | T37: 42528 | U37: 1.747169e+11 | V37: 1.7088499e+11
A38: 31 | B38: CardinalStone Money Market Fund | C38: CardinalStone Asset Mgt. Limited | D38: 4.3158209e+10 | E38: 6.8511961e+08 | F38: 0 | G38: 54298431 | H38: =(E38+F38)-G38 -> 6.3082118e+08 | I38: 3.8551975e+10 | J38: =(I38/$I$79) -> 0.005978406 | K38: 4.2397592e+10 | L38: =(K38/$K$79) -> 0.0064436996 | M38: =((K38-I38)/I38) -> 0.099751492 | N38: =(G38/K38) -> 0.0012806961 | O38: =H38/K38 -> 0.014878703 | P38: =K38/V38 -> 1 | Q38: =H38/V38 -> 0.014878703 | R38: 1 | S38: 1 | T38: 2845 | U38: 3.8551975e+10 | V38: 4.2397592e+10
A39: 32 | B39: Chapel Hill Denham Money Market Fund | C39: Chapel Hill Denham Mgt. Limited | D39: 4.8631001e+10 | E39: 7.1459242e+08 | F39: 0 | G39: 83175896 | H39: =(E39+F39)-G39 -> 6.3141653e+08 | I39: 4.7345119e+10 | J39: =(I39/$I$79) -> 0.0073419934 | K39: 5.152373e+10 | L39: =(K39/$K$79) -> 0.0078307145 | M39: =((K39-I39)/I39) -> 0.088258538 | N39: =(G39/K39) -> 0.0016143221 | O39: =H39/K39 -> 0.012254868 | P39: =K39/V39 -> 100.00023 | Q39: =H39/V39 -> 1.2254897 | R39: 100 | S39: 100 | T39: 14261 | U39: 4.7345004e+08 | V39: 5.152361e+08
A40: 33 | B40: Comercio Partners Money Market Fund | C40: Comercio Partners Asset Management Limited | D40: 3.6977773e+09 | E40: 1.5166498e+08 | F40: 0 | G40: 4800420.6 | H40: =(E40+F40)-G40 -> 1.4686456e+08 | I40: 3.8766754e+09 | J40: =(I40/$I$79) -> 0.00060117127 | K40: 3.507127e+09 | L40: =(K40/$K$79) -> 0.00053302256 | M40: =((K40-I40)/I40) -> -0.095326111 | N40: =(G40/K40) -> 0.0013687615 | O40: =H40/K40 -> 0.041876031 | P40: =K40/V40 -> 0.99675513 | Q40: =H40/V40 -> 0.041740148 | R40: 1 | S40: 1 | T40: 931 | U40: 3.8938338e+09 | V40: 3.5185443e+09
A41: 34 | B41: Coral Money Market Fund | C41: FSDH Asset Management Ltd | D41: 1.1785618e+11 | E41: 1.7291467e+09 | F41: 0 | G41: 1.817098e+08 | H41: =(E41+F41)-G41 -> 1.5474369e+09 | I41: 1.1360413e+11 | J41: =(I41/$I$79) -> 0.017617039 | K41: 1.1279845e+11 | L41: =(K41/$K$79) -> 0.01714341 | M41: =((K41-I41)/I41) -> -0.0070920417 | N41: =(G41/K41) -> 0.0016109247 | O41: =H41/K41 -> 0.013718601 | P41: =K41/V41 -> 100 | Q41: =H41/V41 -> 1.3718601 | R41: 100 | S41: 100 | T41: 6608 | U41: 1.1360413e+09 | V41: 1.1279845e+09
A42: 35 | B42: Cordros Money Market Fund | C42: Cordros Asset Management Limited | D42: 2.9477468e+10 | E42: 6.6246493e+08 | F42: 0 | G42: 51698427 | H42: =(E42+F42)-G42 -> 6.107665e+08 | I42: 47056550500 | J42: =(I42/$I$79) -> 0.0072972439 | K42: 47108478500 | L42: =(K42/$K$79) -> 0.0071596727 | M42: =((K42-I42)/I42) -> 0.0011035233 | N42: =(G42/K42) -> 0.0010974336 | O42: =H42/K42 -> 0.012965108 | P42: =K42/V42 -> 100 | Q42: =H42/V42 -> 1.2965108 | R42: 100 | S42: 100 | T42: 6169 | U42: 470565505 | V42: 471084785
A43: 36 | B43: Coronation Money Market Fund | C43: Coronation Asset Management Limited | D43: 1.1760416e+11 | E43: 1.7249392e+09 | F43: 0 | G43: 2.1487583e+08 | H43: =(E43+F43)-G43 -> 1.5100633e+09 | I43: 1.047124e+11 | J43: =(I43/$I$79) -> 0.016238162 | K43: 1.1533156e+11 | L43: =(K43/$K$79) -> 0.0175284 | M43: =((K43-I43)/I43) -> 0.10141269 | N43: =(G43/K43) -> 0.0018631138 | O43: =H43/K43 -> 0.013093236 | P43: =K43/V43 -> 1 | Q43: =H43/V43 -> 0.013093236 | R43: 1 | S43: 1 | T43: 23492 | U43: 1.047124e+11 | V43: 1.1533156e+11
A44: 37 | B44: DLM Money Market Fund | C44: DLM Asset Management Limited | D44: 3.8154585e+09 | E44: 52243107 | F44: 0 | G44: 4562241.1 | H44: =(E44+F44)-G44 -> 47680866 | I44: 2.6771974e+09 | J44: =(I44/$I$79) -> 0.0004151635 | K44: 3605455350 | L44: =(K44/$K$79) -> 0.00054796676 | M44: =((K44-I44)/I44) -> 0.34672752 | N44: =(G44/K44) -> 0.0012653717 | O44: =H44/K44 -> 0.013224645 | P44: =K44/V44 -> 1000 | Q44: =H44/V44 -> 13.224645 | R44: 1000 | S44: 1000 | T44: 487 | U44: 2677197.4 | V44: 3605455.4
A45: 38 | B45: EDC Money Market Class A | C45: EDC Fund Management | D45: 3.6314799e+10 | E45: 1.2538947e+09 | F45: 0 | G45: 1.2635785e+08 | H45: =(E45+F45)-G45 -> 1.1275369e+09 | I45: 8.1914544e+10 | J45: =(I45/$I$79) -> 0.01270281 | K45: 7.1842162e+10 | L45: =(K45/$K$79) -> 0.010918764 | M45: =((K45-I45)/I45) -> -0.12296207 | N45: =(G45/K45) -> 0.0017588258 | O45: =H45/K45 -> 0.01569464 | P45: =K45/V45 -> 88.82685 | Q45: =H45/V45 -> 1.3941054 | R45: 100 | S45: 100 | T45: 9253 | U45: 799025069 | V45: 808788802
A46: 39 | B46: EDC Money Market Class B | C46: EDC Fund Management | D46: 5.0051217e+09 | E46: 1.3786201e+08 | F46: 0 | G46: 12113627 | H46: =(E46+F46)-G46 -> 1.2574838e+08 | I46: 8.8779622e+09 | J46: =(I46/$I$79) -> 0.0013767404 | K46: 9.4731719e+09 | L46: =(K46/$K$79) -> 0.001439758 | M46: =((K46-I46)/I46) -> 0.067043503 | N46: =(G46/K46) -> 0.0012787298 | O46: =H46/K46 -> 0.013274158 | P46: =K46/V46 -> 1039979.4 | Q46: =H46/V46 -> 13804.85 | R46: 1000000 | S46: 1000000 | T46: 102 | U46: 9139 | V46: 9109
A47: 40 | B47: Emerging Africa Money Market Fund | C47: Emerging Africa Asset Management Limited | D47: 2954437542 | E47: 1.6502754e+08 | F47: 0 | G47: 16777658 | H47: =(E47+F47)-G47 -> 1.4824988e+08 | I47: 8855839460 | J47: =(I47/$I$79) -> 0.0013733098 | K47: 10223646519 | L47: =(K47/$K$79) -> 0.0015538172 | M47: =((K47-I47)/I47) -> 0.15445256 | N47: =(G47/K47) -> 0.001641064 | O47: =H47/K47 -> 0.014500685 | P47: =K47/V47 -> 0.98308946 | Q47: =H47/V47 -> 0.014255471 | R47: 1 | S47: 1 | T47: 1394 | U47: 9741147264 | V47: 10399507798
A48: 41 | B48: FCMBAM Money Market Fund | C48: FCMB Asset Management Limited | D48: 7.7285005e+10 | E48: 1.2215462e+09 | F48: 0 | G48: 1.0663729e+08 | H48: =(E48+F48)-G48 -> 1.1149089e+09 | I48: 7.2273165e+10 | J48: =(I48/$I$79) -> 0.011207683 | K48: 7.7422273e+10 | L48: =(K48/$K$79) -> 0.011766844 | M48: =((K48-I48)/I48) -> 0.0712451 | N48: =(G48/K48) -> 0.0013773464 | O48: =H48/K48 -> 0.014400364 | P48: =K48/V48 -> 0.99894288 | Q48: =H48/V48 -> 0.014385141 | R48: 1 | S48: 1 | T48: 4757 | U48: 72314865233 | V48: 77504204819
A49: 42 | B49: First Ally Money Market Fund | C49: First Ally Asset Management Limited | D49: 8.2838891e+09 | E49: 2.6096804e+08 | F49: 0 | G49: 22516388 | H49: =(E49+F49)-G49 -> 2.3845165e+08 | I49: 1.3888957e+10 | J49: =(I49/$I$79) -> 0.0021538151 | K49: 1.7105131e+10 | L49: =(K49/$K$79) -> 0.0025996836 | M49: =((K49-I49)/I49) -> 0.23156339 | N49: =(G49/K49) -> 0.0013163528 | O49: =H49/K49 -> 0.013940358 | P49: =K49/V49 -> 1.0624248 | Q49: =H49/V49 -> 0.014810582 | R49: 1 | S49: 1 | T49: 3059 | U49: 1.3108045e+10 | V49: 1.6100086e+10
... A51: 44 | B51: FSL Money Market Fund | C51: FSL Asset Management Limited | D51: 7.5771997e+09 | E51: 1.0918736e+08 | F51: 0 | G51: 9560695.5 | H51: =(E51+F51)-G51 -> 99626668 | I51: 7.8774227e+09 | J51: =(I51/$I$79) -> 0.0012215828 | K51: 7.8774227e+09 | L51: =(K51/$K$79) -> 0.0011972318 | M51: =((K51-I51)/I51) -> 0 | N51: =(G51/K51) -> 0.0012136832 | O51: =H51/K51 -> 0.012647115 | P51: =K51/V51 -> 1.0078806 | Q51: =H51/V51 -> 0.012746782 | R51: 1 | S51: 1 | T51: 1166 | U51: 7.8559382e+09 | V51: 7.8158291e+09
A52: 45 | B52: Fundvine Money Market Fund | C52: Fundvine Berkshire Asset Management Limited | D52: - | E52: 188791.45 | F52: 0 | G52: 0 | H52: =(E52+F52)-G52 -> 188791.45 | I52: 62879332 | J52: =(I52/$I$79) -> 9.7509447e-06 | K52: 63570701 | L52: =(K52/$K$79) -> 9.6616454e-06 | M52: =((K52-I52)/I52) -> 0.010995171 | N52: =(G52/K52) -> 0 | O52: =H52/K52 -> 0.0029697871 | P52: =K52/V52 -> 0.99995393 | Q52: =H52/V52 -> 0.0029696503 | R52: 1 | S52: 1 | T52: 38 | U52: 63119630 | V52: 63573630
A53: 46 | B53: GDL Money Market Fund | C53: Growth and Development Asset Management Limited | D53: 2.3903834e+09 | E53: 32770533 | G53: 1838446 | H53: =(E53+F53)-G53 -> 30932087 | I53: 2.2481399e+09 | J53: =(I53/$I$79) -> 0.00034862787 | K53: 2.2883309e+09 | L53: =(K53/$K$79) -> 0.00034778666 | M53: =((K53-I53)/I53) -> 0.017877467 | N53: =(G53/K53) -> 0.00080340042 | O53: =H53/K53 -> 0.013517314 | P53: =K53/V53 -> 9.9311825 | Q53: =H53/V53 -> 0.13424291 | R53: 10 | S53: 10 | T53: 597 | U53: 226434430 | V53: 230418776
A54: 47 | B54: Greenwich Plus Money Market | C54: Greenwich Asst Management Ltd | D54: 5.0989701e+09 | E54: 6.2031984e+08 | F54: 0 | G54: 27563797 | H54: =(E54+F54)-G54 -> 5.9275604e+08 | I54: 1.5636231e+10 | J54: =(I54/$I$79) -> 0.0024247717 | K54: 1.7226428e+10 | L54: =(K54/$K$79) -> 0.0026181186 | M54: =((K54-I54)/I54) -> 0.10169947 | N54: =(G54/K54) -> 0.0016000878 | O54: =H54/K54 -> 0.03440969 | P54: =K54/V54 -> 100.52657 | Q54: =H54/V54 -> 3.4590881 | R54: 100 | S54: 100 | T54: 1173 | U54: 156198611 | V54: 171361940
A55: 48 | B55: GTI Money Market Fund | C55: GTI Asset Management & Trust Limited | D55: 1.813256e+08 | E55: 3184902.6 | F55: 0 | G55: 287422.1 | H55: =(E55+F55)-G55 -> 2897480.5 | I55: 2.8909002e+08 | J55: =(I55/$I$79) -> 4.4830323e-05 | K55: 1.8427044e+08 | L55: =(K55/$K$79) -> 2.8005914e-05 | M55: =((K55-I55)/I55) -> -0.36258457 | N55: =(G55/K55) -> 0.0015597841 | O55: =H55/K55 -> 0.015724066 | P55: =K55/V55 -> 1.0019685 | Q55: =H55/V55 -> 0.015755019 | R55: 1 | S55: 1 | T55: 165 | U55: 1.8232698e+08 | V55: 1.8390841e+08
A56: 49 | B56: Guaranty Trust Investment Fund 724 | C56: Guaranty Trust Fund Managers Limited | D56: 7.2093711e+09 | E56: 1.048537e+08 | F56: 0 | G56: 8104560.7 | H56: =(E56+F56)-G56 -> 96749141 | I56: 6.5785624e+09 | J56: =(I56/$I$79) -> 0.0010201635 | K56: 6.9657817e+09 | L56: =(K56/$K$79) -> 0.0010586781 | M56: =((K56-I56)/I56) -> 0.058860769 | N56: =(G56/K56) -> 0.0011634819 | O56: =H56/K56 -> 0.013889201 | P56: =K56/V56 -> 100 | Q56: =H56/V56 -> 1.3889201 | R56: 100 | S56: 100 | T56: 28742 | U56: 65785624 | V56: 69657817
A57: 50 | B57: Guaranty Trust Money Market Fund | C57: Guaranty Trust Fund Managers Limited | D57: 6.7532586e+11 | E57: 9.8852419e+09 | F57: 0 | G57: 7.4667556e+08 | H57: =(E57+F57)-G57 -> 9.1385663e+09 | I57: 6.091368e+11 | J57: =(I57/$I$79) -> 0.094461233 | K57: 6.4449067e+11 | L57: =(K57/$K$79) -> 0.097951418 | M57: =((K57-I57)/I57) -> 0.058039301 | N57: =(G57/K57) -> 0.0011585514 | O57: =H57/K57 -> 0.014179517 | P57: =K57/V57 -> 100 | Q57: =H57/V57 -> 1.4179517 | R57: 100 | S57: 100 | T57: 74879 | U57: 6.091368e+09 | V57: 6.4449067e+09
A58: 51 | B58: Mango Naira Money Maket Fund | C58: Mango Asset Management Limited | D58: 4.3453166e+09 | E58: 1.1002568e+08 | G58: 1.1002568e+08 | H58: =(E58+F58)-G58 -> 0.33 | I58: 7.0006145e+09 | J58: =(I58/$I$79) -> 0.0010856128 | K58: 7.1543351e+09 | L58: =(K58/$K$79) -> 0.001087335 | M58: =((K58-I58)/I58) -> 0.021958155 | N58: =(G58/K58) -> 0.015378883 | O58: =H58/K58 -> 4.6125879e-11 | P58: =K58/V58 -> 100 | Q58: =H58/V58 -> 4.6125879e-09 | R58: 100 | S58: 100 | T58: 1199 | U58: 70006145 | V58: 71543351
A59: 52 | B59: Meristem Money Market Fund | C59: Meristem Wealth Management Limited | D59: 1.3601199e+11 | E59: 1.9919998e+09 | F59: 0 | G59: 1.8530012e+08 | H59: =(E59+F59)-G59 -> 1.8066997e+09 | I59: 1.3520511e+11 | J59: =(I59/$I$79) -> 0.020966786 | K59: 1.3593327e+11 | L59: =(K59/$K$79) -> 0.020659502 | M59: =((K59-I59)/I59) -> 0.0053856098 | N59: =(G59/K59) -> 0.0013631698 | O59: =H59/K59 -> 0.013291078 | P59: =K59/V59 -> 9.9507177 | Q59: =H59/V59 -> 0.13225577 | R59: 10 | S59: 10 | T59: 13419 | U59: 1.3502336e+10 | V59: 1.366065e+10
A60: 53 | B60: Myrtle Nest(MyNest Money Market Fund) | C60: Myrtle Asset Management and Trust Limited | D60: 8.352406e+08 | E60: 13721023 | F60: 0 | G60: 13682831 | H60: =(E60+F60)-G60 -> 38192.15 | I60: 7.9275815e+08 | J60: =(I60/$I$79) -> 0.00012293612 | K60: 833519571 | L60: =(K60/$K$79) -> 0.00012668054 | M60: =((K60-I60)/I60) -> 0.051417224 | N60: =(G60/K60) -> 0.016415728 | O60: =H60/K60 -> 4.582034e-05 | P60: =K60/V60 -> 1 | Q60: =H60/V60 -> 4.582034e-05 | R60: 1 | S60: 1 | T60: 432 | U60: 7.9275815e+08 | V60: 833519571
A61: 54 | B61: Norrenberger Money Market Fund | C61: Norrenberger Investment and Capital Mgt Limited | D61: 1.7354893e+10 | E61: 6.810534e+08 | F61: 94942535 | G61: 62208450 | H61: =(E61+F61)-G61 -> 7.1378748e+08 | I61: 4.9691493e+10 | J61: =(I61/$I$79) -> 0.0077058547 | K61: 48880881293 | L61: =(K61/$K$79) -> 0.0074290472 | M61: =((K61-I61)/I61) -> -0.016312879 | N61: =(G61/K61) -> 0.001272654 | O61: =H61/K61 -> 0.01460259 | P61: =K61/V61 -> 100 | Q61: =H61/V61 -> 1.460259 | R61: 100 | S61: 100 | T61: 7506 | U61: 496914926 | V61: 488808813
A62: 55 | B62: NOVA Prime Money Market Fund | C62: NOVAMBL Asset Management Limited | D62: 3.0172847e+08 | E62: 3181468.7 | F62: 0 | G62: 85569.16 | H62: =(E62+F62)-G62 -> 3095899.6 | I62: 2.7997628e+08 | J62: =(I62/$I$79) -> 4.341702e-05 | K62: 2.8927016e+08 | L62: =(K62/$K$79) -> 4.3964053e-05 | M62: =((K62-I62)/I62) -> 0.033195241 | N62: =(G62/K62) -> 0.00029581053 | O62: =H62/K62 -> 0.010702451 | P62: =K62/V62 -> 1.0055897 | Q62: =H62/V62 -> 0.010762274 | R62: 1.01 | S62: 1.01 | T62: 153 | U62: 279404274 | V62: 2.8766222e+08
A63: 56 | B63: PACAM Money Market Fund | C63: PAC Asset Management Ltd. | D63: 3.1529764e+09 | E63: 96203372 | F63: 0 | G63: 4202746.6 | H63: =(E63+F63)-G63 -> 92000626 | I63: 3.1904829e+09 | J63: =(I63/$I$79) -> 0.0004947607 | K63: 3.2272778e+09 | L63: =(K63/$K$79) -> 0.00049049032 | M63: =((K63-I63)/I63) -> 0.011532712 | N63: =(G63/K63) -> 0.0013022575 | O63: =H63/K63 -> 0.028507191 | P63: =K63/V63 -> 9.9553663 | Q63: =H63/V63 -> 0.28379953 | R63: 10 | S63: 10 | T63: 1100 | U63: 3.0101946e+08 | V63: 3.2417469e+08
A64: 57 | B64: Page Money Market Fund | C64: Page Asset Management Limited | D64: 1.1056615e+09 | E64: 39735679 | F64: 0 | G64: 3712144.4 | H64: =(E64+F64)-G64 -> 36023535 | I64: 2345563627 | J64: =(I64/$I$79) -> 0.00036373575 | K64: 2408989746 | L64: =(K64/$K$79) -> 0.00036612471 | M64: =((K64-I64)/I64) -> 0.027040886 | N64: =(G64/K64) -> 0.0015409548 | O64: =H64/K64 -> 0.014953793 | P64: =K64/V64 -> 1 | Q64: =H64/V64 -> 0.014953793 | R64: 1 | S64: 1 | T64: 359 | U64: 2345563627 | V64: 2408989746
A65: 58 | B65: Parthian Money Market Fund | C65: Parthian Capital Ltd. | D65: 2.5425756e+09 | E65: 45114293 | F65: 0 | G65: 3889761.1 | H65: =(E65+F65)-G65 -> 41224532 | I65: 2.8465453e+09 | J65: =(I65/$I$79) -> 0.00044142494 | K65: 3.2946531e+09 | L65: =(K65/$K$79) -> 0.0005007302 | M65: =((K65-I65)/I65) -> 0.15742164 | N65: =(G65/K65) -> 0.0011806284 | O65: =H65/K65 -> 0.012512556 | P65: =K65/V65 -> 1 | Q65: =H65/V65 -> 0.012512556 | R65: 1 | S65: 1 | T65: 3662 | U65: 2.8465453e+09 | V65: 3.2946531e+09
A66: 59 | B66: Radix Money Market Fund | C66: Radix Capital Partners Limited | D66: 4.1464201e+08 | E66: 8131241.9 | F66: 0 | G66: 823697.36 | H66: =(E66+F66)-G66 -> 7307544.5 | I66: 4.0648924e+08 | J66: =(I66/$I$79) -> 6.3035881e-05 | K66: 7.3449239e+08 | L66: =(K66/$K$79) -> 0.00011163012 | M66: =((K66-I66)/I66) -> 0.80691716 | N66: =(G66/K66) -> 0.0011214512 | O66: =H66/K66 -> 0.0099491086 | P66: =K66/V66 -> 1.0005983 | Q66: =H66/V66 -> 0.0099550613 | R66: 1 | S66: 1 | T66: 120 | U66: 4.0624696e+08 | V66: 7.3405319e+08
A67: 60 | B67: RMBN Money Market Fund | C67: RMB Nigeria Asset Management Ltd. | D67: 2.9140748e+10 | E67: 4.3982412e+08 | F67: 0 | G67: 33546271 | H67: =(E67+F67)-G67 -> 4.0627785e+08 | I67: 3.4585193e+10 | J67: =(I67/$I$79) -> 0.0053632615 | K67: 2.9009168e+10 | L67: =(K67/$K$79) -> 0.004408891 | M67: =((K67-I67)/I67) -> -0.16122579 | N67: =(G67/K67) -> 0.0011564024 | O67: =H67/K67 -> 0.014005154 | P67: =K67/V67 -> 99.486699 | Q67: =H67/V67 -> 1.3933265 | R67: 100 | S67: 100 | T67: 168 | U67: 3.4585995e+08 | V67: 2.9158841e+08
A68: 61 | B68: RT Briscoe Savings & Investment Fund | C68: DLM Asset Management Limited | D68: 5.6668339e+08 | E68: 9175348.8 | F68: 0 | G68: 571360.01 | H68: =(E68+F68)-G68 -> 8603988.8 | I68: 514493500 | J68: =(I68/$I$79) -> 7.9784525e-05 | K68: 518677500 | L68: =(K68/$K$79) -> 7.8829995e-05 | M68: =((K68-I68)/I68) -> 0.0081322699 | N68: =(G68/K68) -> 0.0011015708 | O68: =H68/K68 -> 0.016588321 | P68: =K68/V68 -> 1000 | Q68: =H68/V68 -> 16.588321 | R68: 1000 | S68: 1000 | T68: 73 | U68: 514493.5 | V68: 518677.5
A69: 62 | B69: Samtl Money Market Income Fund | C69: Samtl Fund Managers Limited | D69: 1.4829633e+09 | E69: 21503517 | F69: 0 | G69: 1632030.1 | H69: =(E69+F69)-G69 -> 19871487 | I69: 0 | J69: =(I69/$I$79) -> 0 | K69: 1.4740872e+09 | L69: =(K69/$K$79) -> 0.00022403572 | M69: =((K69-I69)/I69) -> #DIV/0! | N69: =(G69/K69) -> 0.0011071462 | O69: =H69/K69 -> 0.013480537 | P69: =K69/V69 -> 100.07204 | Q69: =H69/V69 -> 1.3490249 | R69: 100 | S69: 100 | T69: 249 | U69: 12062198 | V69: 14730260
A70: 63 | B70: SCM Capital Money Market Fund | C70: SCM Capital Limited | D70: 3.3210003e+09 | E70: 54630363 | F70: 0 | G70: 49650002 | H70: =(E70+F70)-G70 -> 4980360.5 | I70: 3.2606538e+09 | J70: =(I70/$I$79) -> 0.00050564238 | K70: 3.3473702e+09 | L70: =(K70/$K$79) -> 0.00050874228 | M70: =((K70-I70)/I70) -> 0.02659477 | N70: =(G70/K70) -> 0.01483254 | O70: =H70/K70 -> 0.0014878428 | P70: =K70/V70 -> 0.96428017 | Q70: =H70/V70 -> 0.0014346973 | R70: 1 | S70: 1 | T70: 582 | U70: 3.2052652e+09 | V70: 3.4713668e+09
... A78: 71 | B78: Zenith Money Market Fund | C78: Zenith Asset Management Ltd | D78: 1.6914983e+11 | E78: 2.4113466e+09 | F78: 0 | G78: 1.9622692e+08 | H78: =(E78+F78)-G78 -> 2.2151196e+09 | I78: 1.6865723e+11 | J78: =(I78/$I$79) -> 0.026154339 | K78: 1.7039532e+11 | L78: =(K78/$K$79) -> 0.025897136 | M78: =((K78-I78)/I78) -> 0.010305423 | N78: =(G78/K78) -> 0.0011515981 | O78: =H78/K78 -> 0.012999886 | P78: =K78/V78 -> 1.0389483 | Q78: =H78/V78 -> 0.01350621 | R78: 1 | S78: 1 | T78: 9554 | U78: 1.6435827e+11 | V78: 1.640075e+11
A79: Sub Total | I79: =SUM(I30:I78) -> 6.4485374e+12 | J79: =(I79/$I$269) -> 0.67146364 | K79: =SUM(K30:K78) -> 6.5796972e+12 | L79: =(K79/$K$269) -> 0.67256039 | M79: =((K79-I79)/I79) -> 0.020339459 | T79: =SUM(T30:T78) -> 858516
A81: BOND/FIXED INCOME FUNDS
A82: 72 | B82: Anchoria Fixed Income Fund | C82: Anchoria Asset Management Limited | D82: 1.3734104e+09 | E82: 18059730 | F82: 0 | G82: 1729665.4 | H82: =(E82+F82)-G82 -> 16330065 | I82: 1.3200542e+09 | J82: =(I82/$I$120) -> 0.0056147224 | K82: 1.3850973e+09 | L82: =(K82/$K$120) -> 0.0059074626 | M82: =((K82-I82)/I82) -> 0.049273026 | N82: =(G82/K82) -> 0.0012487681 | O82: =H82/K82 -> 0.011789832 | P82: =K82/V82 -> 1.932112 | Q82: =H82/V82 -> 0.022779277 | R82: 1.93 | S82: 1.93 | T82: 456 | U82: 7.1609233e+08 | V82: 7.168825e+08
A83: 73 | B83: ARM Fixed Income Fund | C83: ARM Investment Managers Limited | D83: 1301512744 | E83: 15914866 | F83: 7518805 | G83: 2627486 | H83: =(E83+F83)-G83 -> 20806185 | I83: 1316035038 | J83: =(I83/$I$120) -> 0.0055976272 | K83: 1327408338 | L83: =(K83/$K$120) -> 0.0056614182 | M83: =((K83-I83)/I83) -> 0.0086420951 | N83: =(G83/K83) -> 0.0019794105 | O83: =H83/K83 -> 0.015674291 | P83: =K83/V83 -> 1.4586244 | Q83: =H83/V83 -> 0.022862903 | R83: 1.4586 | S83: 1.4586 | T83: 1665 | U83: 916521570 | V83: 910041248
A84: 74 | B84: ARM Short Term-Bond Fund | C84: ARM Investment Managers | D84: 703558812 | E84: 9013747 | F84: 1193447 | G84: 1590368 | H84: =(E84+F84)-G84 -> 8616826 | I84: 744599312 | J84: =(I84/$I$120) -> 0.0031670808 | K84: 742203036 | L84: =(K84/$K$120) -> 0.0031655081 | M84: =((K84-I84)/I84) -> -0.0032182087 | N84: =(G84/K84) -> 0.0021427668 | O84: =H84/K84 -> 0.011609796 | P84: =K84/V84 -> 1.3012551 | Q84: =H84/V84 -> 0.015107307 | R84: 1.3013 | S84: 1.3013 | T84: 992 | U84: 578848182 | V84: 570374716
A85: 75 | B85: AVA GAM Fixed Income Naira Fund | C85: AVA Global Asset Managers Limited | D85: 2.8787442e+08 | E85: 4682599.6 | F85: 8511885.8 | G85: 562485.31 | H85: =(E85+F85)-G85 -> 12632000 | I85: 3.4154926e+08 | J85: =(I85/$I$120) -> 0.0014527466 | K85: 3.5263785e+08 | L85: =(K85/$K$120) -> 0.0015040062 | M85: =((K85-I85)/I85) -> 0.032465579 | N85: =(G85/K85) -> 0.0015950792 | O85: =H85/K85 -> 0.035821453 | P85: =K85/V85 -> 1397.7868 | Q85: =H85/V85 -> 50.070754 | R85: 1397.79 | S85: 1397.79 | T85: 98 | U85: 253458 | V85: 252283
A86: 76 | B86: CardinalStone Fixed Income Alpha Fund | C86: CardinalStone Asset Mgt. Limited | D86: 1.9189801e+09 | E86: 27091712 | F86: 35241586 | G86: 2639266.7 | H86: =(E86+F86)-G86 -> 59694031 | I86: 1.8960995e+09 | J86: =(I86/$I$120) -> 0.0080648751 | K86: 1.9430466e+09 | L86: =(K86/$K$120) -> 0.0082871255 | M86: =((K86-I86)/I86) -> 0.024759823 | N86: =(G86/K86) -> 0.0013583136 | O86: =H86/K86 -> 0.030721873 | P86: =K86/V86 -> 1.164617 | Q86: =H86/V86 -> 0.035779214 | R86: 1.1571 | S86: 1.16 | T86: 1231 | U86: 1.6794467e+09 | V86: 1.6683997e+09
A87: 77 | B87: CEAT Fixed Income Fund | C87: Capital Express Assset & Trust Limited | D87: 5.4558572e+08 | E87: 8498082.2 | F87: -341985.73 | G87: 1124861.9 | H87: =(E87+F87)-G87 -> 7031234.6 | I87: 5.2592468e+08 | J87: =(I87/$I$120) -> 0.0022369695 | K87: 5.3250394e+08 | L87: =(K87/$K$120) -> 0.002271138 | M87: =((K87-I87)/I87) -> 0.0125099 | N87: =(G87/K87) -> 0.002112401 | O87: =H87/K87 -> 0.013204099 | P87: =K87/V87 -> 3.0406063 | Q87: =H87/V87 -> 0.040148466 | R87: 3.0567 | S87: 3.0567 | T87: 1384 | U87: 1.752816e+08 | V87: 1.7513084e+08
A88: 78 | B88: CFG AM Fixed Income Naira Fund | C88: CFG Assset Management Limited | D88: 5108856541 | E88: 1.1469406e+08 | F88: 0 | G88: 10280549 | H88: =(E88+F88)-G88 -> 1.0441351e+08 | I88: 6.3732391e+09 | J88: =(I88/$I$120) -> 0.027107953 | K88: 5.6231706e+09 | L88: =(K88/$K$120) -> 0.023982914 | M88: =((K88-I88)/I88) -> -0.11769031 | N88: =(G88/K88) -> 0.0018282478 | O88: =H88/K88 -> 0.018568441 | P88: =K88/V88 -> 1291.7353 | Q88: =H88/V88 -> 23.985511 | R88: 1291.72 | S88: 1291.72 | T88: 520 | U88: 5029414 | V88: 4353191
A89: 79 | B89: Chapel Hill Denham Nigeria Bond Fund | C89: Chapel Hill Denham Mgt. Limited | D89: 1.5375111e+09 | E89: 15162130 | F89: -5129644.8 | G89: 2999265 | H89: =(E89+F89)-G89 -> 7033220 | I89: 1.5082546e+09 | J89: =(I89/$I$120) -> 0.0064152144 | K89: 1.5822584e+09 | L89: =(K89/$K$120) -> 0.0067483579 | M89: =((K89-I89)/I89) -> 0.049065856 | N89: =(G89/K89) -> 0.0018955596 | O89: =H89/K89 -> 0.0044450515 | P89: =K89/V89 -> 117.08652 | Q89: =H89/V89 -> 0.52045561 | R89: 117.0865 | S89: 117.8968 | T89: 5173 | U89: 13412873 | V89: 13513583
A90: 80 | B90: Comercio Partners Fixed Income Fund | C90: Comercio Partners Asset Management Limited | D90: 2.0972875e+08 | E90: 5540738.3 | F90: 0 | G90: 450832.27 | H90: =(E90+F90)-G90 -> 5089906.1 | I90: 2.0439977e+08 | J90: =(I90/$I$120) -> 0.00086939455 | K90: 2.0378678e+08 | L90: =(K90/$K$120) -> 0.00086915396 | M90: =((K90-I90)/I90) -> -0.0029989459 | N90: =(G90/K90) -> 0.0022122743 | O90: =H90/K90 -> 0.024976625 | P90: =K90/V90 -> 12.168157 | Q90: =H90/V90 -> 0.30391949 | R90: 12.1682 | S90: 12.1682 | T90: 47 | U90: 17156483 | V90: 16747547
A91: 81 | B91: Coral Income Fund | C91: FSDH Asset Management Ltd | D91: 2.2172087e+09 | E91: 27063932 | F91: 0 | G91: 4462234.2 | H91: =(E91+F91)-G91 -> 22601698 | I91: 2.1948305e+09 | J91: =(I91/$I$120) -> 0.0093354984 | K91: 2.1824075e+09 | L91: =(K91/$K$120) -> 0.0093080034 | M91: =((K91-I91)/I91) -> -0.0056601526 | N91: =(G91/K91) -> 0.0020446385 | O91: =H91/K91 -> 0.010356314 | P91: =K91/V91 -> 5130.6533 | Q91: =H91/V91 -> 53.134658 | R91: 5130.65 | S91: 5130.65 | T91: 1208 | U91: 433458.74 | V91: 425366.39
A92: 82 | B92: Cordros Fixed Income Fund | C92: Cordros Asset Management Limited | D92: 3.4009947e+08 | E92: 4093289.1 | F92: 0 | G92: 724316.64 | H92: =(E92+F92)-G92 -> 3368972.4 | I92: 3.6916076e+08 | J92: =(I92/$I$120) -> 0.0015701894 | K92: 3.5984029e+08 | L92: =(K92/$K$120) -> 0.0015347247 | M92: =((K92-I92)/I92) -> -0.025247744 | N92: =(G92/K92) -> 0.0020128837 | O92: =H92/K92 -> 0.0093624103 | P92: =K92/V92 -> 117.46094 | Q92: =H92/V92 -> 1.0997175 | R92: 117.54 | S92: 117.54 | T92: 102 | U92: 3172854 | V92: 3063489
A93: 83 | B93: Coronation Fixed Income Fund | C93: Coronation Asset Management Limited | D93: 1.0909322e+09 | E93: 13432096 | F93: 59027075 | G93: 2438314.3 | H93: =(E93+F93)-G93 -> 70020857 | I93: 1.0914523e+09 | J93: =(I93/$I$120) -> 0.0046423862 | K93: 1.0949078e+09 | L93: =(K93/$K$120) -> 0.0046697998 | M93: =((K93-I93)/I93) -> 0.0031660219 | N93: =(G93/K93) -> 0.0022269585 | O93: =H93/K93 -> 0.063951371 | P93: =K93/V93 -> 1.6514518 | Q93: =H93/V93 -> 0.10561261 | R93: 1.6515 | S93: 1.6515 | T93: 3426 | U93: 6.8328491e+08 | V93: 6.6299714e+08
... A109: 99 | B109: SFS Fixed Income Fund | C109: SFS Capital Nigeria Ltd | D109: 1.3803056e+10 | E109: 1.9757405e+08 | F109: 0 | G109: 21468218 | H109: =(E109+F109)-G109 -> 1.7610583e+08 | I109: 13134325716 | J109: =(I109/$I$120) -> 0.055865578 | K109: 13542514235 | L109: =(K109/$K$120) -> 0.057759044 | M109: =((K109-I109)/I109) -> 0.031077996 | N109: =(G109/K109) -> 0.0015852461 | O109: =H109/K109 -> 0.013003924 | P109: =K109/V109 -> 1.11 | Q109: =H109/V109 -> 0.014434356 | R109: 1.11 | S109: 1.11 | T109: 5682 | U109: 11940296105 | V109: 12200463274
A110: 100 | B110: Stanbic IBTC Bond Fund | C110: Stanbic IBTC Asset Mgt. Limited | D110: 1.4886972e+10 | E110: 1.7663581e+08 | G110: 25623916 | H110: =(E110+F110)-G110 -> 1.510119e+08 | I110: 1.4990241e+10 | J110: =(I110/$I$120) -> 0.063759532 | K110: 1.506293e+10 | L110: =(K110/$K$120) -> 0.064243644 | M110: =((K110-I110)/I110) -> 0.004849141 | N110: =(G110/K110) -> 0.0017011242 | O110: =H110/K110 -> 0.0100254 | P110: =K110/V110 -> 263.80148 | Q110: =H110/V110 -> 2.6447152 | R110: 263.8 | S110: 263.8 | T110: 5921 | U110: 57398364 | V110: 57099493
A111: 101 | B111: Stanbic IBTC Conservative Fund (Sub Fund) | C111: Stanbic IBTC Asset Mgt. Limited | D111: 1.4041294e+09 | E111: 14154394 | F111: 12123716 | G111: 1937897.2 | H111: =(E111+F111)-G111 -> 24340213 | I111: 1.3587638e+09 | J111: =(I111/$I$120) -> 0.00577937 | K111: 1.3939261e+09 | L111: =(K111/$K$120) -> 0.0059451177 | M111: =((K111-I111)/I111) -> 0.025878144 | N111: =(G111/K111) -> 0.0013902438 | O111: =H111/K111 -> 0.017461624 | P111: =K111/V111 -> 11446.049 | Q111: =H111/V111 -> 199.86661 | R111: 11412.8 | S111: 11468.84 | T111: 32 | U111: 122100.76 | V111: 121782.29
A112: 102 | B112: Stanbic IBTC Enhanced Short-Term Fixed Income Fund | C112: Stanbic IBTC Asset Mgt. Limited | D112: 6.1121822e+09 | E112: 94353042 | F112: 0 | G112: 8857023.5 | H112: =(E112+F112)-G112 -> 85496018 | I112: 6.1012892e+09 | J112: =(I112/$I$120) -> 0.025951241 | K112: 6.15391e+09 | L112: =(K112/$K$120) -> 0.026246526 | M112: =((K112-I112)/I112) -> 0.0086245257 | N112: =(G112/K112) -> 0.0014392514 | O112: =H112/K112 -> 0.013892959 | P112: =K112/V112 -> 183.70519 | Q112: =H112/V112 -> 2.5522086 | R112: 183.71 | S112: 183.71 | T112: 7262 | U112: 33965005 | V112: 33498836
A113: 103 | B113: Stanbic IBTC Guaranteed Investment Fund | C113: Stanbic IBTC Asset Mgt. Limited | D113: 6.1075378e+09 | E113: 67712874 | F113: 0 | G113: 10457708 | H113: =(E113+F113)-G113 -> 57255166 | I113: 6.0029061e+09 | J113: =(I113/$I$120) -> 0.025532778 | K113: 6.058248e+09 | L113: =(K113/$K$120) -> 0.025838526 | M113: =((K113-I113)/I113) -> 0.0092191802 | N113: =(G113/K113) -> 0.0017261934 | O113: =H113/K113 -> 0.0094507796 | P113: =K113/V113 -> 404.01172 | Q113: =H113/V113 -> 3.8182257 | R113: 404.01 | S113: 404.01 | T113: 14899 | U113: 14972632 | V113: 14995228
A114: 104 | B114: Trustbanc Fixed Income Fund | C114: Trustbanc Aset Management Limited | D114: 1.2530096e+08 | E114: 1792073.4 | F114: 0 | G114: 363398.88 | H114: =(E114+F114)-G114 -> 1428674.5 | I114: 1.1951646e+08 | J114: =(I114/$I$120) -> 0.00050835165 | K114: 1.2181768e+08 | L114: =(K114/$K$120) -> 0.00051955438 | M114: =((K114-I114)/I114) -> 0.019254389 | N114: =(G114/K114) -> 0.0029831375 | O114: =H114/K114 -> 0.011727974 | P114: =K114/V114 -> 126.91496 | Q114: =H114/V114 -> 1.4884554 | R114: 125.3654 | S114: 125.3654 | T114: 20 | U114: 961358.82 | V114: 959836.98
A115: 105 | B115: United Capital Fixed Income Fund | C115: United Capital Asset Mgt. Ltd | D115: 7.1625724e+10 | E115: 6.4009981e+08 | F115: 0 | G115: 1.1337711e+08 | H115: =(E115+F115)-G115 -> 5.2672269e+08 | I115: 7.6678749e+10 | J115: =(I115/$I$120) -> 0.32614561 | K115: 7.484335e+10 | L115: =(K115/$K$120) -> 0.31920811 | M115: =((K115-I115)/I115) -> -0.023936203 | N115: =(G115/K115) -> 0.0015148589 | O115: =H115/K115 -> 0.0070376685 | P115: =K115/V115 -> 1.9227281 | Q115: =H115/V115 -> 0.013531523 | R115: 1.92 | S115: 1.92 | T115: 1389 | U115: 3.9789186e+10 | V115: 3.8925603e+10
A116: 106 | B116: United Capital Stable Fixed Income Fund | C116: United Capital Asset Mgt. Ltd | D116: 4.1939273e+10 | E116: 9.2124558e+08 | F116: 0 | G116: 97142239 | H116: =(E116+F116)-G116 -> 8.2410334e+08 | I116: 5.4183802e+10 | J116: =(I116/$I$120) -> 0.23046554 | K116: 5.4499686e+10 | L116: =(K116/$K$120) -> 0.23244205 | M116: =((K116-I116)/I116) -> 0.0058298666 | N116: =(G116/K116) -> 0.0017824367 | O116: =H116/K116 -> 0.015121249 | P116: =K116/V116 -> 135.68435 | Q116: =H116/V116 -> 2.0517169 | R116: 135.68435 | S116: 135.68435 | T116: 261 | U116: 4.0766433e+08 | V116: 4.0166522e+08
A117: 107 | B117: Utica Custodian Assured Fixed Income Fund | C117: Utica Capital Limited | D117: 114000000 | E117: 5673772.4 | F117: 0 | G117: 472993.32 | H117: =(E117+F117)-G117 -> 5200779.1 | I117: 1.2250668e+08 | J117: =(I117/$I$120) -> 0.00052107028 | K117: 1.2510773e+08 | L117: =(K117/$K$120) -> 0.00053358652 | M117: =((K117-I117)/I117) -> 0.021231871 | N117: =(G117/K117) -> 0.0037806882 | O117: =H117/K117 -> 0.041570405 | P117: =K117/V117 -> 116.21924 | Q117: =H117/V117 -> 4.8312809 | R117: 116.2192 | S117: 116.2192 | T117: 86 | U117: 998699.12 | V117: 1076480.4
A118: 108 | B118: Zedcrest Fixed Income Fund | C118: Zedcrest Investment Managers Limited | D118: 5.2817946e+08 | E118: 7195754.7 | F118: 0 | G118: 1046448.5 | H118: =(E118+F118)-G118 -> 6149306.2 | I118: 5.4004291e+08 | J118: =(I118/$I$120) -> 0.00229702 | K118: 5.5269336e+08 | L118: =(K118/$K$120) -> 0.0023572462 | M118: =((K118-I118)/I118) -> 0.02342489 | N118: =(G118/K118) -> 0.0018933619 | O118: =H118/K118 -> 0.011126072 | P118: =K118/V118 -> 1.548285 | Q118: =H118/V118 -> 0.01722633 | R118: 1.5483 | S118: 1.5483 | T118: 54 | U118: 3.5928075e+08 | V118: 3.5697134e+08
A119: 109 | B119: Zenith Income Fund | C119: Zenith Asset Management Ltd | D119: 2.0267162e+09 | E119: 19711803 | F119: 0 | G119: 7602.09 | H119: =(E119+F119)-G119 -> 19704201 | I119: 2.0772934e+09 | J119: =(I119/$I$120) -> 0.0088355658 | K119: 2.0969922e+09 | L119: =(K119/$K$120) -> 0.0089437059 | M119: =((K119-I119)/I119) -> 0.0094828942 | N119: =(G119/K119) -> 3.6252353e-06 | O119: =H119/K119 -> 0.0093964111 | P119: =K119/V119 -> 33.311202 | Q119: =H119/V119 -> 0.31300575 | R119: 33.2557 | S119: 33.2557 | T119: 1369 | U119: 63020577 | V119: 62951561
A120: Sub Total | I120: =SUM(I82:I119) -> 2.3510588e+11 | J120: =(I120/$I$269) -> 0.024480752 | K120: =SUM(K82:K119) -> 2.3446569e+11 | L120: =(K120/$K$269) -> 0.023966504 | M120: =((K120-I120)/I120) -> -0.0027229634 | T120: =SUM(T82:T119) -> 71197
A122: DOLLAR FUNDS
A123: EUROBONDS
A124: 110 | B124: Afrinvest Dollar Fund | C124: Afrinvest Asset Management Ltd. | D124: 4.3096725e+09 | E124: 28662831 | F124: -27572379 | G124: 8150332.6 | H124: =(E124+F124)-G124 -> -7059880.1 | I124: 4.4555217e+09 | J124: =(I124/$I$165) -> 0.0025423663 | K124: 4.3422828e+09 | L124: =(K124/$K$165) -> 0.0024875582 | M124: =((K124-I124)/I124) -> -0.025415412 | N124: =(G124/K124) -> 0.0018769696 | O124: =H124/K124 -> -0.0016258453 | P124: =K124/V124 -> 158613.57 | Q124: =H124/V124 -> -257.88113 | R124: =119.38*C271 -> 158675.12 | S124: =120.22*C271 -> 159791.62 | T124: 157 | U124: 27814.66 | V124: 27376.49
A125: 111 | B125: AIICO Eurobond Fund | C125: AIICO Capital Ltd | D125: =4031110.08303009*C271 -> 5.3579903e+09 | E125: =66650.4999930021*C271 -> 88589179 | F125: 0 | G125: =7065.27*C271 -> 9390874.3 | H125: =(E125+F125)-G125 -> 79198304 | I125: 5.5337126e+09 | J125: =(I125/$I$165) -> 0.003157593 | K125: =4061596.31039888*C271 -> 5.3985114e+09 | L125: =(K125/$K$165) -> 0.0030926386 | M125: =((K125-I125)/I125) -> -0.024432279 | N125: =(G125/K125) -> 0.0017395303 | O125: =H125/K125 -> 0.014670397 | P125: =K125/V125 -> 144646.74 | Q125: =H125/V125 -> 2122.0251 | R125: =108.885*C271 -> 144725.59 | S125: =108.885*C271 -> 144725.59 | T125: 126 | U125: 38191.12 | V125: 37322.04
A126: 112 | B126: ARM Eurobond Fund | C126: ARM Investment Managers Limited | D126: =8187898*C271 -> 1.0883027e+10 | E126: =85323*C271 -> 1.1340792e+08 | F126: =5739*C271 -> 7628049.2 | G126: =24299*C271 -> 32297259 | H126: =(E126+F126)-G126 -> 88738709 | I126: 1.7028515e+10 | J126: =(I126/$I$165) -> 0.009716645 | K126: =12775159*C271 -> 1.698023e+10 | L126: =(K126/$K$165) -> 0.0097274437 | M126: =((K126-I126)/I126) -> -0.0028355373 | N126: =(G126/K126) -> 0.0019020507 | O126: =H126/K126 -> 0.0052260015 | P126: =K126/V126 -> 1586.214 | Q126: =H126/V126 -> 8.2895566 | R126: =1.2493*C271 -> 1660.5196 | S126: =1.25*C271 -> 1661.45 | T126: 356 | U126: 10225930 | V126: 10704880
A127: 113 | B127: ARM Short-Term Eurobond Fund | C127: ARM Investment Managers Limited | D127: =1265672*C271 -> 1.6822806e+09 | E127: =14885*C271 -> 19784547 | F127: =-2154*C271 -> -2863010.6 | G127: =5632*C271 -> 7485829.1 | H127: =(E127+F127)-G127 -> 9435706.8 | I127: 3.0798503e+09 | J127: =(I127/$I$165) -> 0.001757394 | K127: =2352833*C271 -> 3.1272915e+09 | L127: =(K127/$K$165) -> 0.0017915277 | M127: =((K127-I127)/I127) -> 0.015403755 | N127: =(G127/K127) -> 0.0023937101 | O127: =H127/K127 -> 0.0030172137 | P127: =K127/V127 -> 1431.1741 | Q127: =H127/V127 -> 4.3181582 | R127: =1.0768*C271 -> 1431.2395 | S127: =1.0768*C271 -> 1431.2395 | T127: 133 | U127: 2152489 | V127: 2185123
A128: 114 | B128: CardinalStone Dollar Fund | C128: CardinalStone Asset Mgt. Limited | D128: =33776051.72*C271 -> 4.4893777e+10 | E128: =909391.84*C271 -> 1.2087273e+09 | F128: =-1557142.65*C271 -> -2.0696917e+09 | G128: =49787.02*C271 -> 66174916 | H128: =(E128+F128)-G128 -> -9.2713938e+08 | I128: 4.7537522e+10 | J128: =(I128/$I$165) -> 0.027125396 | K128: =33951249.17*C271 -> 4.5126642e+10 | L128: =(K128/$K$165) -> 0.025851644 | M128: =((K128-I128)/I128) -> -0.050715295 | N128: =(G128/K128) -> 0.0014664268 | O128: =H128/K128 -> -0.020545277 | P128: =K128/V128 -> 1697.5537 | Q128: =H128/V128 -> -34.876711 | R128: =1.2768*C271 -> 1697.0715 | S128: =1.2768*C271 -> 1697.0715 | T128: 670 | U128: 27366110 | V128: 26583338
A129: 115 | B129: Comercio Partners Dollar Fund | C129: Comercio Partners Asset Management Limited | D129: =1030026.67*C271 -> 1.3690702e+09 | E129: =14583.8*C271 -> 19384204 | F129: 0 | G129: =1671.81*C271 -> 2222103 | H129: =(E129+F129)-G129 -> 17162101 | I129: 1.3186474e+09 | J129: =(I129/$I$165) -> 0.00075243372 | K129: =1011099.95*C271 -> 1.3439136e+09 | L129: =(K129/$K$165) -> 0.00076988614 | M129: =((K129-I129)/I129) -> 0.019160664 | N129: =(G129/K129) -> 0.0016534567 | O129: =H129/K129 -> 0.012770241 | P129: =K129/V129 -> 1447.3341 | Q129: =H129/V129 -> 18.482806 | R129: =1.0889*C271 -> 1447.3223 | S129: =1.0889*C271 -> 1447.3223 | T129: 85 | U129: 909653.47 | V129: 928544.12
A130: 116 | B130: Cowry Eurobond Fund | C130: Cowry Treasurers Limited | D130: =885804.98*C271 -> 1.1773765e+09 | E130: =5860.43*C271 -> 7789449.1 | F130: 0 | G130: =2100.52443295981*C271 -> 2791933.1 | H130: =(E130+F130)-G130 -> 4997516.1 | I130: 1.1607333e+09 | J130: =(I130/$I$165) -> 0.0006623263 | K130: =891566.06*C271 -> 1.1850339e+09 | L130: =(K130/$K$165) -> 0.00067886894 | M130: =((K130-I130)/I130) -> 0.020935578 | N130: =(G130/K130) -> 0.0023559942 | O130: =H130/K130 -> 0.0042171923 | P130: =K130/V130 -> 2029.7115 | Q130: =H130/V130 -> 8.5596836 | R130: =1.52706330317428*C271 -> 2029.7115 | S130: =1.55*C271 -> 2060.198 | T130: 89 | U130: 591425.56 | V130: 583843.55
A131: 117 | B131: EDC Dollar Fund | C131: EDC Fund Management Limited | D131: =969566.63*C271 -> 1.2887092e+09 | E131: =16286.14*C271 -> 21646886 | F131: 0 | G131: =5121.94*C271 -> 6807877.8 | H131: =(E131+F131)-G131 -> 14839008 | I131: 3.9749585e+09 | J131: =(I131/$I$165) -> 0.002268152 | K131: =3088076.39*C271 -> 4.1045476e+09 | L131: =(K131/$K$165) -> 0.0023513672 | M131: =((K131-I131)/I131) -> 0.032601368 | N131: =(G131/K131) -> 0.0016586183 | O131: =H131/K131 -> 0.0036152603 | P131: =K131/V131 -> 145093.41 | Q131: =H131/V131 -> 524.55046 | R131: =107.69*C271 -> 143137.24 | S131: =106.06*C271 -> 140970.71 | T131: 135 | U131: 27533 | V131: 28289
A132: 118 | B132: Emerging Africa Eurobond Fund | C132: Emerging Africa Asset Management Limited | D132: =2603758.64*C271 -> 3.4608118e+09 | E132: =23012.67*C271 -> 30587520 | F132: 0 | G132: =5541*C271 -> 7364875.6 | H132: =(E132+F132)-G132 -> 23222645 | I132: 4.4037778e+09 | J132: =(I132/$I$165) -> 0.0025128407 | K132: =3384621*C271 -> 4.4987028e+09 | L132: =(K132/$K$165) -> 0.0025771664 | M132: =((K132-I132)/I132) -> 0.021555356 | N132: =(G132/K132) -> 0.0016371109 | O132: =H132/K132 -> 0.0051620758 | P132: =K132/V132 -> 155967.06 | Q132: =H132/V132 -> 805.11376 | R132: =116.92*C271 -> 155405.39 | S132: =116.92*C271 -> 155405.39 | T132: 80 | U132: 28348.53 | V132: 28843.93
A133: 119 | B133: FCMBAM USD Bond Fund | C133: FCMB Asset Management Limited | D133: =4574217.28*C271 -> 6.0798666e+09 | E133: =25619.14*C271 -> 34051936 | F133: 0 | G133: =7485.16*C271 -> 9948975.3 | H133: =(E133+F133)-G133 -> 24102961 | I133: 6.1178326e+09 | J133: =(I133/$I$165) -> 0.0034908978 | K133: =4563414.97*C271 -> 6.0655086e+09 | L133: =(K133/$K$165) -> 0.0034747405 | M133: =((K133-I133)/I133) -> -0.0085526895 | N133: =(G133/K133) -> 0.0016402541 | O133: =H133/K133 -> 0.0039737741 | P133: =K133/V133 -> 2058.468 | Q133: =H133/V133 -> 8.1798868 | R133: =1.55*C271 -> 2060.198 | S133: =1.55*C271 -> 2060.198 | T133: 120 | U133: 2955091 | V133: 2946613
A134: 120 | B134: First Asset Dollar Fund | C134: First Asset Management Limited | D134: 5.5822232e+10 | E134: 3.4063638e+08 | F134: -11991780 | G134: 84014530 | H134: =(E134+F134)-G134 -> 2.4463007e+08 | I134: 5.275832e+10 | J134: =(I134/$I$165) -> 0.030104437 | K134: 5.5543279e+10 | L134: =(K134/$K$165) -> 0.03181901 | M134: =((K134-I134)/I134) -> 0.052787095 | N134: =(G134/K134) -> 0.0015125958 | O134: =H134/K134 -> 0.0044043146 | P134: =K134/V134 -> 180281.87 | Q134: =H134/V134 -> 794.01807 | R134: =135.3*C271 -> 179835.35 | S134: =135.32*C271 -> 179861.93 | T134: 4146 | U134: 293520.66 | V134: 308091.32
A135: 121 | B135: First Asset Specialized Dollar Fund | C135: First Asset Management Limited | D135: 1.6780941e+11 | E135: 1.1705843e+09 | F135: 0 | G135: 2.58134e+08 | H135: =(E135+F135)-G135 -> 9.1245032e+08 | I135: 1.6296027e+11 | J135: =(I135/$I$165) -> 0.092986798 | K135: 1.6559007e+11 | L135: =(K135/$K$165) -> 0.094861382 | M135: =((K135-I135)/I135) -> 0.016137675 | N135: =(G135/K135) -> 0.0015588736 | O135: =H135/K135 -> 0.005510296 | P135: =K135/V135 -> 176044.34 | Q135: =H135/V135 -> 970.05643 | R135: =132.12*C271 -> 175608.62 | S135: =132.16*C271 -> 175661.79 | T135: 1654 | U135: 929194.72 | V135: 940615.71
A136: 122 | B136: FSL Eurobond Fund | C136: FSL Asset Management Limited | D136: =1771000*C271 -> 2353942360 | E136: =12804.57*C271 -> 17019322 | F136: 0 | G136: =1831.6*C271 -> 2434489.5 | H136: =(E136+F136)-G136 -> 14584833 | I136: 2.3692597e+09 | J136: =(I136/$I$165) -> 0.0013519238 | K136: =1777676.87*C271 -> 2.362817e+09 | L136: =(K136/$K$165) -> 0.0013535841 | M136: =((K136-I136)/I136) -> -0.0027192921 | N136: =(G136/K136) -> 0.0010303335 | O136: =H136/K136 -> 0.006172646 | P136: =K136/V136 -> 1582.8721 | Q136: =H136/V136 -> 9.7705091 | R136: =1*C271 -> 1329.16 | S136: =1*C271 -> 1329.16 | T136: 21 | U136: 1437074 | V136: 1492740.3
...

Sheet NAV Comparison
A4: FUNDS | B4: Jul 2026 | C4: Aug 2026 | D4: Sep 2026
A5: EQUITY BASED FUNDS | B5: 241.38587 | C5: =[1]August!K25/1000000000 -> 233.72279 | D5: =September!K27/1000000000 -> 243.5673
A6: MONEY MARKET FUNDS | B6: 6263.1143 | C6: =[1]August!K76/1000000000 -> 6448.5374 | D6: =September!K79/1000000000 -> 6579.6972
A7: BONDS/FIXED INCOME FUNDS | B7: 232.74981 | C7: =[1]August!K117/1000000000 -> 235.10588 | D7: =September!K120/1000000000 -> 234.46569
A8: DOLLAR FUNDS | B8: 1819.397 | C8: =[1]August!K161/1000000000 -> 1752.5098 | D8: =September!K165/1000000000 -> 1745.6005
A9: REAL ESTATE INVESTMENT TRUST | B9: 519.10572 | C9: =[1]August!K170/1000000000 -> 522.41816 | D9: =September!K174/1000000000 -> 523.40201
A10: BALANCED FUNDS | B10: 155.82342 | C10: =[1]August!K203/1000000000 -> 157.76147 | D10: =September!K208/1000000000 -> 197.84026
A11: ETHICAL FUNDS | B11: 19.720978 | C11: =[1]August!K209/1000000000 -> 19.659122 | D11: =September!K214/1000000000 -> 19.659122
A12: SHARI'AH COMPLAINT FUNDS | B12: 145.25147 | C12: =[1]August!K237/1000000000 -> 147.96295 | D12: =September!K243/1000000000 -> 151.17973
A13: SPECIALISED FUNDS | B13: 52.848096 | C13: =[1]August!K248/1000000000 -> 53.951384 | D13: =September!K253/1000000000 -> 54.375339
A14: EXCHANGE TRADED FUNDS | B14: 27.933877 | C14: 32.074156 | D14: =September!K268/1000000000 -> 33.270744

Sheet Market Share
A1: FUNDS | B1: Sep 2026
A2: ETHICAL FUNDS | B2: =September!K214 -> 1.9659122e+10
A3: SPECIALISED FUNDS | B3: =September!K253 -> 5.4375339e+10
A4: SHARI'AH COMPLAINT FUNDS | B4: =September!K243 -> 1.5117973e+11
A5: EQUITY BASED FUNDS | B5: =September!K27 -> 2.435673e+11
A6: BALANCED FUNDS | B6: =September!K208 -> 1.9784026e+11
A7: BONDS/FIXED INCOME FUNDS | B7: =September!K120 -> 2.3446569e+11
A8: REAL ESTATE INVESTMENT TRUST | B8: =September!K174 -> 5.2340201e+11
A9: DOLLAR FUNDS | B9: =September!K165 -> 1.7456005e+12
A10: MONEY MARKET FUNDS | B10: =September!K79 -> 6.5796972e+12
A11: EXCHANGE TRADED FUNDS | B11: =September!K268 -> 3.3270744e+10

Sheet Unitholders
A5: FUNDS | B5: UNIT HOLDERS
A6: EQUITY BASED FUNDS | B6: =September!T27 -> 120759
A7: MONEY MARKET FUNDS | B7: =September!T79 -> 858516
A8: BONDS/FIXED INCOME FUNDS | B8: =September!T120 -> 71197
A9: DOLLAR FUNDS | B9: =September!T165 -> 32114
A10: REAL ESTATE INVESTMENT TRUST | B10: =September!T174 -> 236675
A11: BALANCED FUNDS | B11: =September!T208 -> 107852
A12: ETHICAL FUNDS | B12: =September!T214 -> 20027
A13: SHARI'AH COMPLAINT FUNDS | B13: =September!T243 -> 63991
A14: SPECIALISED FUNDS | B14: =September!T253 -> 308
A15: EXCHANGE TRADED FUNDS | B15: =September!T268 -> 52541
